 Dungeon Crawl Stone Soup version 0.23.2-40-g277498a001 (webtiles) character file.

Game seed: 16965922290300739670

344264 Juza the Peltast (level 22, 0/214 HPs)
             Began as a Gargoyle Fighter on Aug 21, 2019.
             Was a High Priest of Trog.
             Splashed by a caustic shrike's acid (6 damage)
             ... on level 3 of the Depths on Aug 23, 2019.
             The game lasted 05:00:06 (43957 turns).

Juza the Peltast (Gargoyle Fighter)                Turns: 43957, Time: 05:00:06

Health: 0/214      AC: 36    Str: 32    XL:     22   Next: 7%
Magic:  22/22      EV:  8    Int: 15    God:    Trog [*****.]
Gold:   720        SH: 18    Dex: 10    Spells: 21/21 levels left

rFire    + . .     SeeInvis +   G - +8 mithril axe "Arga" {speed, MR+}
rCold    + + .     Gourm    .   W - +2 shield {rN+}
rNeg     + + .     Faith    .   s - +3 plate armour {rC+}
rPois    ∞         Spirit   .   n - +3 crown of Dyrovepreva {rElec Int+2 SInv}
rElec    +         Reflect  .   k - scarf {repulsion}
rCorr    .         Harm     .   l - +1 pair of gloves
MR       +++..                  A - +2 pair of boots
Stlth    ..........             Q - amulet of regeneration
HPRegen  0.85/turn              o - ring "Yjax" {rF+ rC+ MR+ Int+2}
MPRegen  0.18/turn              u - +4 ring of protection

@: berserking (expiring), corroded, flying, repel missiles, very quick
A: big wings, blurry vision 1, deterioration 1, negative energy resistance 1,
electricity resistance, unbreathing, petrification resistance, rot immunity, AC
+16
}: 2/15 runes: decaying, gossamer
a: Stop Flying, Berserk, Trog's Hand, Brothers in Arms, Renounce Religion


You were on level 3 of the Depths.
You worshipped Trog.
Trog was extremely pleased with you.
You were very hungry.

You visited 7 branches of the dungeon, and saw 37 of its levels.
You visited the Abyss 1 time.
You also visited: Ossuary.

You collected 4068 gold pieces.
You spent 3348 gold pieces at shops.

Inventory:

Hand Weapons
 G - the +8 mithril axe "Arga" (weapon) {speed, MR+}
   (Trog gifted it to you on level 12 of the Dungeon)

   Attacks with this weapon are significantly faster.
   It affects your resistance to hostile enchantments.
 N - a +4 eveningstar of flaming
 T - a +6 antimagic broad axe
Missiles
 h - 21 javelins
 m - 6 curare-tipped needles
 z - 9 tomahawks of returning
 B - 15 silver javelins
 C - 4 tomahawks (quivered)
 D - 7 javelins of penetration
 K - 4 javelins of returning
Armour
 a - the +0 pair of boots of Gluttony {Int+2}
   (You acquired it on level 2 of the Lair of Beasts)

   It affects your intelligence (+2).
 d - a +2 cloak of magic resistance
 j - a +2 large shield
 k - a scarf of repulsion (worn)
 l - a +1 pair of gloves (worn)
 n - the +3 crown of Dyrovepreva (worn) {rElec Int+2 SInv}
   (You bought it in a shop on level 2 of the Orcish Mines)

   It affects your intelligence (+2).
   It insulates you from electricity.
   It lets you see invisible.
 s - a +3 plate armour of cold resistance (worn)
 A - a +2 pair of boots (worn)
 H - a +0 crystal plate armour
 W - a +2 shield of positive energy (worn)
Jewellery
 o - the ring "Yjax" (left hand) {rF+ rC+ MR+ Int+2}
   (You took it off a deep elf master archer on level 3 of the Elven Halls)

   [ring of protection from magic]

   It affects your intelligence (+2).
   It protects you from fire.
   It protects you from cold.
   It affects your resistance to hostile enchantments.
 q - an uncursed ring of protection from magic
 u - a +4 ring of protection (right hand)
 x - an uncursed ring of resist corrosion
 J - an uncursed ring of protection from cold
 Q - an amulet of regeneration (around neck)
Wands
 y - a wand of paralysis (29)
 F - a wand of flame (105)
 L - a wand of disintegration (10)
 M - a wand of iceblast (15)
 P - a wand of digging (3)
 X - a wand of acid (11)
Scrolls
 b - 6 scrolls of fog
 c - 7 scrolls of teleportation
 i - 3 scrolls of blinking
 p - 15 scrolls of remove curse
 t - 11 scrolls of identify
 v - 2 scrolls of silence
 w - a scroll of holy word
 O - 3 scrolls of fear
Potions
 e - 8 potions of agility
 g - 2 potions of heal wounds
 r - 15 potions of curing
 R - 4 potions of ambrosia
 U - a potion of resistance
 Z - a potion of cancellation
Comestibles
 f - 27 rations


   Skills:
 + Level 16.4 Fighting
 + Level 16.1(18.2) Axes
 - Level 16.0(18.9) Maces & Flails
 * Level 15.4 Throwing
 + Level 12.9 Armour
 - Level 0.2 Stealth
 - Level 18.8 Shields
 - Level 0.3 Evocations


You had 21 spell levels left.
You didn't know any spells.
Your spell library was empty.

Dungeon Overview and Level Annotations

Branches:
Dungeon (15/15)            Temple (0/1) D:6            Lair (6/6) D:10
  Swamp (4/4) Lair:3       Spider (4/4) Lair:4        Slime (0/5) Lair:6
    Orc (2/2) D:9             Elf (3/3) Orc:2        Vaults (0/5) D:14
 Depths (3/5) D:15

Altars:
Cheibriados
Dithmenos
Elyvilon
Kikubaaqudgha
Nemelex Xobeh
Okawaru
Qazlal
Sif Muna
Trog
Uskayaw
Vehumet
Yredelemnul
The Shining One
Beogh
Jiyva

Shops:
D:7 *   D:15 %   Orc:2 *[(:   Elf:1 %   Elf:3 }?[   Depths:1 }=}

Portals:
Hell: Depths:1 Depths:2 Depths:3
Abyss: Depths:1
Pandemonium: Depths:1 Depths:3
Trove: D:13 (give 3 potions of resistance)

Annotations:
D:9 1 runed translucent door, exclusion: 4 orange crystal statues


Innate Abilities, Weirdness & Mutations

You are resistant to torment.
Your stone body is resilient. (AC +16)
You are immune to poison.
Your large and strong wings let you fly indefinitely.
You resist negative energy. (rN+)
You are resistant to electric shocks. (rElec)
You can survive without breathing.
You are immune to petrification.
You are immune to rotting.
Scrolls take you a little longer to read.
Your body sometimes deteriorates upon taking damage.


Message History

The caustic shrike is severely wounded.
You miss the caustic shrike.
The caustic shrike claws you but does no damage.
You miss the caustic shrike.
The caustic shrike is severely wounded.
You closely miss the caustic shrike. You block the caustic shrike's attack.
The caustic shrike barely misses you.
You miss the caustic shrike.
The caustic shrike is severely wounded.
You miss the caustic shrike.
You block the caustic shrike's attack. x2
You hit the caustic shrike.
The caustic shrike is severely wounded.
You closely miss the caustic shrike. The caustic shrike claws you!
* * * LOW HITPOINT WARNING * * *
You are splashed with acid!
* * * LOW HITPOINT WARNING * * *
The caustic shrike claws you!
* * * LOW HITPOINT WARNING * * *
You are splashed with acid.
You die...

#.(.....# ##
#.......+ #.
#.......# #.#
#.......# ##.#
#....b..#># ##.#
#.......+....##..###
#.......# #........
##b###### #.###.###
#b@.# #.# #....
###.####.##.###'.[#
#.........#..##'#
#.#######.#..#...
#.#######.#..#...
#......##[#..#...
#.####....'..#...
#.# #.####..#?.. #.#
#.# #..#...


You could see 2 caustic shrikes.

Vanquished Creatures
  Sojobo (Depths:2)
  Nikola (Depths:1)
  2 caustic shrikes (Depths:3)
  Arachne (Spider:2)
  2 liches (Depths:3)
  Jorgrun (Spider:1)
  A tentacled monstrosity (Depths:3)
  3 deep elf master archers (Elf:3)
  4 deep elf blademasters (Elf:3)
  Frances (Swamp:2)
  3 tentacled starspawn
  A tengu reaver (Depths:2)
  2 thorn hunters
  5 deep elf sorcerers (Elf:3)
  5 emperor scorpions
  2 fire giants (Depths:3)
  2 frost giants
  Louise (Swamp:3)
  7 ghost moths
  An orc warlord (Orc:1)
  3 deep elf elementalists
  A very ugly thing (Depths:3)
  5 stone giants
  3 entropy weavers
  3 vampire knights
  3 deep elf annihilators
  2 deep elf demonologists (Elf:3)
  3 spark wasps
  6 dire elephants (Lair:6)
  7 ettins
  5 deep elf death magi (Elf:3)
  6 fire dragons
  5 jiangshi
  3 deep elf high priests (Elf:3)
  A merfolk impaler (Depths:1)
  Josephine (D:11)
  4 great orbs of eyes
  4 vault guards (D:14)
  7 ice dragons
  2 spriggan air magi (Depths:3)
  Harold (D:8)
  28 hydras
  3 shambling mangroves
  4 centaur warriors
  An anaconda (Lair:6)
  3 death yaks (Lair:5)
  7 tengu warriors
  6 ogre magi
  18 dancing weapons
  25 two-headed ogres
  6 deep troll shamans
  15 alligators
  4 deep troll earth magi
  2 orc high priests
  2 vampire magi
  A titan zombie (Depths:3)
  10 deep elf knights
  A spriggan berserker (Depths:1)
  A thrashing horror (Abyss:4)
  2 hell knights (Depths:3)
  4 wretched stars
  An iron troll (Depths:3)
  5 deep trolls
  3 unseen horrors
  4 wizards
  A spriggan druid (Swamp:4)
  2 glowing orange brains
  6 deep elf archers
  10 swamp dragons
  3 flayed ghosts
  2 phantasmal warriors (D:15)
  4 orc knights
  33 deep elf magi
  An iron dragon zombie (Depths:3)
  A sphinx zombie (Depths:1)
  30 wolf spiders
  2 necromancers
  23 orb spiders
  A wolf spider zombie (D:15)
  A shining eye (Abyss:4)
  26 ugly things
  A mana viper (shapeshifter) (D:13)
  4 manticores
  4 cyclopes
  5 orc sorcerers
  2 large abominations (Abyss:4)
  11 elephants
  A frost giant skeleton (Depths:1)
  Maurice (D:8)
  A moth of wrath (Spider:4)
  A salamander (D:15)
  A worldbinder (Abyss:4)
  A smoke demon (Abyss:4)
  An apocalypse crab (Abyss:4)
  An iron dragon skeleton (Depths:3)
  4 eyes of devastation (Depths:1)
  A torpor snail (Spider:4)
  9 black mambas
  A rust devil (Depths:1)
  21 spiny frogs
  16 demonic crawlers
  6 komodo dragons
  2 rime drakes
  15 yaktaurs
  A redback zombie (D:15)
  5 efreet
  An ancient zyme (Abyss:4)
  32 jumping spiders
  A queen bee (Lair:6)
  A troll (shapeshifter) (Elf:3)
  A meliai (shapeshifter) (Depths:3)
  12 hornets
  4 meliai
  6 trolls
  6 blink frogs
  9 tyrant leeches
  Prince Ribbit (D:7)
  10 bog bodies
  A raiju (Abyss:4)
  6 dream sheep
  12 hippogriffs
  21 slime creatures
  4 air elementals (Elf:3)
  Sigmund (D:3)
  2 spriggans
  8 wraiths
  59 redbacks
  2 shadows
  32 tarantellas
  2 wyverns
  2 basilisks (shapeshifter) (D:13)
  10 water elementals
  44 yaks
  A ynoxinul (Abyss:4)
  2 basilisks
  6 fire elementals
  6 hungry ghosts
  3 golden eyes (Depths:1)
  18 vampire mosquitoes
  A steam dragon (Lair:4)
  A chaos spawn (Abyss:4)
  Menkaure (D:6)
  14 insubstantial wisps
  2 acid dragons
  17 water moccasins
  4 wargs
  15 swamp worms
  2 small abominations
  A floating eye (Depths:1)
  4 ice beasts
  Duvessa (D:7)
  29 orc warriors
  8 porcupines
  18 swamp drakes
  A phantom (D:8)
  4 sky beasts
  A fire dragon simulacrum (Depths:1)
  A black bear (D:8)
  3 necrophages
  An eye of draining (Depths:1)
  18 ogres
  10 crocodiles
  23 centaurs
  2 big kobolds
  20 bullfrogs
  3 earth elementals
  A wyvern zombie (D:13)
  Dowan (D:7)
  3 wyvern skeletons
  A water moccasin zombie (D:10)
  3 scorpions
  21 killer bees
  2 electric eels
  4 wights (D:9)
  6 crimson imps
  2 bullfrog zombies
  5 hounds
  4 quasits
  3 centaur zombies
  4 centaur skeletons
  17 orc priests
  4 iguanas
  3 bullfrog skeletons (D:12)
  Jessica (D:2)
  28 orc wizards
  17 worker ants
  A killer bee zombie (D:10)
  A mummy (Ossuary)
  Robin (D:1)
  3 gnolls (D:4)
  3 worker ant zombies (D:5)
  8 adders
  2 shadow imps
  13 white imps
  An ooze (D:1)
  An adder zombie (D:7)
  An adder skeleton (D:9)
  2 worms
  3 dart slugs (D:2)
  A leopard gecko (D:1)
  127 orcs
  8 bats
  A giant cockroach (D:4)
  20 goblins
  8 hobgoblins
  7 jackals
  A quokka (D:2)
  3 ball pythons
  A frilled lizard (D:3)
  A giant cockroach zombie (D:5)
  6 gnoll skeletons (Ossuary)
  2 gnoll zombies (D:5)
  18 kobolds
  3 kobold skeletons (Ossuary)
  3 leopard gecko skeletons
  A leopard gecko zombie (D:5)
  4 orc skeletons (Ossuary)
  A quokka zombie (D:5)
  3 rats (D:3)
  A plant (Lair:6)
1460 creatures vanquished.

Vanquished Creatures (collateral kills)
  Saint Roka (Depths:2)
  Asterion (Depths:1)
  A deep elf blademaster (Elf:2)
  A tengu reaver (Depths:2)
  2 deep elf sorcerers (Elf:3)
  Aizul (Depths:1)
  2 deep elf elementalists (Elf:3)
  A deep elf demonologist (Elf:3)
  2 deep elf annihilators (Elf:3)
  A dire elephant (D:15)
  3 deep elf death magi (Elf:3)
  A deep elf high priest (Elf:3)
  An ogre mage (Depths:1)
  A hydra (D:15)
  A dancing weapon (Elf:2)
  A two-headed ogre (Depths:1)
  A spriggan berserker (Depths:3)
  5 hell knights (Depths:3)
  2 swamp dragons (Swamp:4)
  A deep elf mage (Elf:3)
  An orc sorcerer (Orc:2)
  A moth of wrath (Spider:4)
  A demonic crawler (Spider:2)
  2 jumping spiders (Spider:2)
  2 meliai (Spider:2)
  4 blink frogs (Lair:2)
  2 tarantellas (Spider:4)
  A warg (Orc:2)
  3 swamp worms (Swamp:4)
  3 orc warriors (Orc:2)
  3 swamp drakes (Swamp:4)
  A bullfrog (D:9)
  3 orc priests
  4 orc wizards (Orc:2)
  An adder zombie (D:9)
  2 orcs (Orc:2)
64 creatures vanquished.

Vanquished Creatures (others)
  A jiangshi (D:15)
  A wolf spider (Spider:2)
  An eye of devastation (Depths:1)
  A spiny frog (Swamp:4)
  A swamp worm (Swamp:4)
  3 ogres
  2 orcs
  24 fungi
  A lurking horror (Abyss:4)
  15 plants
  22 starspawn tentacles
72 creatures vanquished.

Grand Total: 1596 creatures vanquished

Notes
Turn   | Place    | Note
-------+----------+-------------------------------------------
     0 | D:1      | Juza the Gargoyle Fighter began the quest for the Orb.
     0 | D:1      | Reached XP level 1. HP: 14/14 MP: 1/1
   181 | D:1      | Reached XP level 2. HP: 18/19 MP: 2/2
   904 | D:2      | Noticed Robin
   916 | D:2      | Reached XP level 3. HP: 19/23 MP: 3/3
  1123 | D:1      | Killed Robin
  1387 | D:2      | Noticed Jessica
  1395 | D:2      | Reached XP level 4. HP: 28/29 MP: 4/4
  1397 | D:2      | Killed Jessica
  1556 | D:2      | Reached skill level 4 in Shields
  1608 | D:2      | Found a radiant altar of Vehumet.
  1609 | D:2      | Found a shadowy altar of Dithmenos.
  1752 | D:2      | Reached XP level 5. HP: 6/33 MP: 5/5
  2395 | D:3      | Found a bloodstained altar of Trog.
  2435 | D:3      | Became a worshipper of Trog the Wrathful
  2710 | D:3      | Noticed Sigmund
  2792 | D:3      | Killed Sigmund
  2792 | D:3      | Reached skill level 5 in Shields
  2792 | D:3      | Reached XP level 6. HP: 26/38 MP: 6/6
  3215 | D:4      | Found a sand-covered staircase.
  3232 | Ossuary  | Entered an ossuary
  3232 | Ossuary  | Noticed a wraith
  3232 | Ossuary  | Noticed a wraith
  3232 | Ossuary  | Noticed a wraith
  3268 | Ossuary  | Reached XP level 7. HP: 33/43 MP: 7/7
  3298 | Ossuary  | Noticed a wraith
  3320 | Ossuary  | Killed a wraith
  3320 | Ossuary  | Reached skill level 5 in Maces & Flails
  3422 | D:4      | Reached * piety under Trog
  3630 | D:4      | Got a faintly glowing robe
  3714 | D:4      | Identified the +1 robe "Vece" {MR+} (You found it on level
                  | 4 of the Dungeon)
  3886 | D:4      | Found a hide-covered altar of Uskayaw.
  4345 | D:5      | Entered Level 5 of the Dungeon
  4405 | D:4      | Reached skill level 6 in Shields
  4538 | D:5      | Reached XP level 8. HP: 44/48 MP: 8/8
  4713 | D:5      | Reached ** piety under Trog
  4835 | D:5      | Reached skill level 5 in Armour
  4962 | D:5      | Reached skill level 5 in Fighting
  4998 | D:5      | Found a bloodstained altar of Trog.
  5094 | D:5      | Found a basalt altar of Yredelemnul.
  5289 | D:6      | Reached skill level 7 in Shields
  5380 | D:6      | Noticed Menkaure
  5386 | D:6      | Killed Menkaure
  5578 | D:6      | Found a staircase to the Ecumenical Temple.
  5589 | D:6      | Found a sparkling altar of Nemelex Xobeh.
  5937 | D:7      | Found Ryg Xodekh's Assorted Antiques.
  5947 | D:7      | Bought a scroll of blinking for 180 gold pieces
  5947 | D:7      | Bought a blackened diamond ring for 120 gold pieces
  5962 | D:7      | Noticed a spriggan baker
  5977 | D:7      | Killed a spriggan baker
  5977 | D:7      | Reached XP level 9. HP: 50/54 MP: 9/9
  5998 | D:7      | Noticed Duvessa
  6003 | D:7      | Noticed Dowan
  6017 | D:7      | Killed Duvessa
  6046 | D:7      | Killed Dowan
  6086 | D:7      | Noticed Prince Ribbit
  6091 | D:7      | Killed Prince Ribbit
  6091 | D:7      | Reached skill level 8 in Shields
  6267 | D:7      | Found a glowing golden altar of the Shining One.
  6320 | D:7      | Reached *** piety under Trog
  6869 | D:8      | Found a snail-covered altar of Cheibriados.
  6877 | D:8      | Reached skill level 1 in Throwing
  6949 | D:8      | Noticed Maurice
  6962 | D:8      | Killed Maurice
  6962 | D:8      | Reached XP level 10. HP: 60/60 MP: 10/10
  7107 | D:8      | Reached skill level 9 in Shields
  7288 | D:8      | Found an iron altar of Okawaru.
  7416 | D:8      | Noticed Harold
  7436 | D:8      | Killed Harold
  7436 | D:8      | Reached skill level 10 in Maces & Flails
  7526 | D:8      | Found a stormy altar of Qazlal.
  7526 | D:8      | Found an ancient bone altar of Kikubaaqudgha.
  7803 | D:9      | Found a runed translucent door.
  7845 | D:9      | Found a runed translucent door.
  7845 | D:9      | Noticed an orange crystal statue
  7936 | D:9      | Reached **** piety under Trog
  8073 | D:9      | Found a glowing golden altar of the Shining One.
  8141 | D:9      | You fall through a shaft!
  8141 | D:10     | Entered Level 10 of the Dungeon
  8166 | D:10     | Noticed a two-headed ogre
  8174 | D:10     | Killed a two-headed ogre
  8174 | D:10     | Reached skill level 10 in Shields
  8182 | D:10     | Got a fine robe
  8538 | D:9      | Reached XP level 11. HP: 57/67 MP: 11/11
  8755 | D:9      | Reached ***** piety under Trog
  8826 | D:9      | Found a staircase to the Orcish Mines.
  9048 | Orc:1    | Entered Level 1 of the Orcish Mines
  9074 | Orc:1    | Found a frozen archway.
  9273 | Orc:1    | Noticed an orc sorcerer
  9286 | Orc:1    | Noticed an orc high priest
  9288 | Orc:1    | Noticed a soul eater
  9288 | Orc:1    | Noticed a soul eater
  9289 | Orc:1    | Paralysed by an orc sorcerer for 5 turns
  9709 | D:10     | Found a white marble altar of Elyvilon.
  9717 | D:10     | Found a staircase to the Lair.
  9860 | D:10     | Reached skill level 11 in Shields
 10389 | D:11     | Noticed Josephine
 10430 | D:11     | Killed Josephine
 11084 | D:12     | Noticed a two-headed ogre
 11131 | D:11     | Killed a two-headed ogre
 11339 | D:12     | Received a gift from Trog
 11361 | D:12     | Noticed a manticore
 11391 | D:11     | Killed a manticore
 11520 | D:11     | Reached skill level 12 in Shields
 11520 | D:11     | Reached XP level 12. HP: 74/74 MP: 12/12
 11604 | Lair:1   | Entered Level 1 of the Lair of Beasts
 11611 | Lair:1   | Noticed a five-headed hydra
 11635 | Lair:1   | Killed a five-headed hydra
 11779 | Lair:1   | Noticed a six-headed hydra
 11787 | Lair:1   | Killed a six-headed hydra
 12642 | Lair:2   | Identified a scroll of acquirement
 12645 | Lair:2   | Got a pair of scorched boots
 12669 | Lair:2   | Identified the +0 pair of boots of Gluttony {Int+2} (You
                  | acquired it on level 2 of the Lair of Beasts)
 13353 | Lair:3   | Reached skill level 13 in Shields
 13576 | Lair:3   | Found a staircase to the Swamp.
 13685 | Lair:3   | Reached XP level 13. HP: 71/81 MP: 13/13
 14720 | Lair:4   | Reached skill level 10 in Fighting
 14745 | Lair:4   | Found a hole to the Spider Nest.
 15485 | Lair:5   | Received a gift from Trog
 15695 | Lair:5   | Reached skill level 14 in Shields
 15699 | Lair:5   | Received a gift from Trog
 16169 | Lair:6   | Entered Level 6 of the Lair of Beasts
 16340 | Lair:6   | Gained mutation: Your large and strong wings let you fly
                  | indefinitely. [Gargoyle growth]
 16340 | Lair:6   | Reached XP level 14. HP: 43/88 MP: 4/14
 16529 | Lair:6   | Found a viscous altar of Jiyva.
 16531 | Lair:6   | Found a staircase to the Slime Pits.
 16936 | Lair:6   | Reached skill level 15 in Maces & Flails
 17872 | Lair:6   | Noticed a dire elephant
 17872 | Lair:6   | Noticed a dire elephant
 17877 | Lair:6   | Noticed a dire elephant
 17905 | Lair:6   | Noticed a dire elephant
 17905 | Lair:6   | Noticed a dire elephant
 17924 | Lair:6   | Killed a dire elephant
 17942 | Lair:6   | Killed a dire elephant
 18011 | Lair:6   | Noticed a dire elephant
 18258 | Lair:6   | Killed a dire elephant
 18258 | Lair:6   | Received a gift from Trog
 18258 | Lair:6   | Reached skill level 15 in Shields
 18321 | Lair:6   | Killed a dire elephant
 18387 | Lair:6   | Killed a dire elephant
 18806 | Lair:6   | Killed a dire elephant
 19403 | Orc:1    | Reached skill level 10 in Armour
 19690 | Orc:1    | Noticed a stone giant
 19705 | Orc:1    | Killed a stone giant
 20281 | Orc:2    | Entered Level 2 of the Orcish Mines
 20400 | Orc:2    | Reached XP level 15. HP: 66/96 MP: 5/15
 20650 | Orc:2    | Found a staircase to the Elven Halls.
 20854 | Orc:2    | Received a gift from Trog
 20880 | Orc:2    | Found a roughly hewn altar of Beogh.
 21109 | Orc:2    | Noticed an orc warlord
 21177 | Orc:1    | Killed an orc warlord
 21177 | Orc:1    | Reached skill level 5 in Throwing
 21440 | Orc:2    | Found Lamuof's Antique Weapon Boutique.
 21464 | Orc:2    | Found Siuraus's General Store.
 21480 | Orc:2    | Found Vahoisedgh's Antique Armour Boutique.
 21507 | Orc:2    | Found Neadgh's Book Boutique.
 22028 | Orc:2    | Bought the +3 crown of Dyrovepreva {rElec Int+2 SInv} for
                  | 1366 gold pieces
 22028 | Orc:2    | Found the +3 crown of Dyrovepreva {rElec Int+2 SInv}
 22057 | Orc:2    | Bought a transparent mace for 232 gold pieces
 22057 | Orc:2    | Identified the +6 mace "Biun" {freeze, rElec} (You bought
                  | it in a shop on level 2 of the Orcish Mines)
 22129 | Orc:2    | Bought a scroll of identify for 30 gold pieces
 22792 | D:7      | Bought a potion of might for 96 gold pieces
 22792 | D:7      | Bought a scroll of enchant armour for 180 gold pieces
 22953 | D:12     | Received a gift from Trog
 22954 | D:12     | Found the +8 mithril axe "Arga" {speed, MR+}
 23465 | D:13     | Reached skill level 1 in Axes
 23623 | D:13     | Found a gate leading to a gauntlet.
 23788 | D:13     | Found a portal to a secret trove of treasure.
 24064 | D:13     | Reached skill level 16 in Shields
 24337 | D:14     | Received a gift from Trog
 24522 | D:14     | Reached ****** piety under Trog
 24695 | D:14     | Reached skill level 5 in Axes
 24772 | D:14     | Received a gift from Trog
 24806 | D:14     | Found a gate to the Vaults.
 24818 | D:14     | Reached XP level 16. HP: 101/101 MP: 16/16
 24865 | D:14     | Got an ivory war axe
 24866 | D:14     | Identified the cursed +1 war axe of Bankruptcy {chop, +Fly
                  | rC+} (You found it on level 14 of the Dungeon)
 25320 | D:15     | Entered Level 15 of the Dungeon
 25425 | D:15     | Found Xysmah's Food Shoppe.
 26221 | D:15     | Found a staircase to the Depths.
 26553 | Swamp:1  | Entered Level 1 of the Swamp
 27367 | Swamp:1  | Received a gift from Trog
 27648 | Swamp:2  | Noticed a thorn hunter
 27662 | Swamp:2  | Killed a thorn hunter
 27670 | Swamp:2  | Found the +6 lightning scales {run, rElec}
 27707 | Swamp:2  | Noticed Frances
 27719 | Swamp:2  | Gained mutation: Your body sometimes deteriorates upon
                  | taking damage. [a neqoxec]
 27722 | Swamp:2  | Gained mutation: Scrolls take you a little longer to read.
                  | [a neqoxec]
 27731 | Swamp:2  | Killed Frances
 27748 | Swamp:2  | Found a transporter.
 27899 | Swamp:2  | Found a transporter.
 27976 | Swamp:2  | Received a gift from Trog
 28718 | Swamp:3  | Reached XP level 17. HP: 99/108 MP: 17/17
 28933 | Swamp:3  | Noticed Louise
 28967 | Swamp:3  | Cast into level 3 of the Abyss (Louise)
 28999 | Abyss:3  | Noticed a tentacled starspawn
 29024 | Abyss:3  | Noticed a tentacled starspawn
 29027 | Abyss:3  | Killed a tentacled starspawn
 29116 | Abyss:3  | Noticed a tentacled starspawn
 29125 | Abyss:3  | Noticed a bone dragon
 29246 | Abyss:4  | Reached skill level 17 in Shields
 29273 | Abyss:4  | Received a gift from Trog
 29343 | Abyss:4  | Noticed a tentacled starspawn
 29407 | Abyss:4  | Killed a tentacled starspawn
 29416 | Abyss:4  | Noticed a tentacled starspawn
 29424 | Abyss:4  | Killed a tentacled starspawn
 29446 | Swamp:3  | Escaped the Abyss
 29466 | Swamp:3  | Killed Louise
 29925 | Swamp:4  | Entered Level 4 of the Swamp
 29975 | Swamp:4  | Received a gift from Trog
 30370 | Swamp:4  | Reached skill level 10 in Axes
 30398 | Swamp:4  | Got a decaying rune of Zot
 30913 | Spider:1 | Entered Level 1 of the Spider Nest
 31105 | Spider:1 | Received a gift from Trog
 31228 | Spider:1 | Noticed Jorgrun
 31254 | Spider:1 | Killed Jorgrun
 31254 | Spider:1 | Reached XP level 18. HP: 71/116 MP: 6/18
 31932 | Spider:2 | Reached skill level 10 in Throwing
 31963 | Spider:2 | Reached skill level 18 in Shields
 32002 | Spider:2 | Noticed Arachne
 32027 | Spider:2 | Killed Arachne
 32296 | Spider:2 | Received a gift from Trog
 32814 | Spider:3 | Received a gift from Trog
 33251 | Spider:4 | Entered Level 4 of the Spider Nest
 33915 | Spider:4 | Received a gift from Trog
 34005 | Spider:4 | Received a gift from Trog
 34216 | Spider:4 | Reached XP level 19. HP: 116/122 MP: 19/19
 34585 | Spider:4 | Received a gift from Trog
 34735 | Spider:4 | Got a gossamer rune of Zot
 35281 | Elf:1    | Entered Level 1 of the Elven Halls
 35504 | Elf:1    | Found a radiant altar of Vehumet.
 35534 | Elf:1    | You are sucked into a shaft!
 36030 | Elf:2    | Found a runed translucent gate.
 36030 | Elf:2    | Found a runed translucent gate.
 36033 | Elf:2    | Found a runed translucent gate.
 36080 | Elf:2    | Received a gift from Trog
 36886 | Elf:1    | Found Cemnabog's Food Shoppe.
 37452 | Elf:3    | Entered Level 3 of the Elven Halls
 37561 | Elf:3    | Found Fyoddib's Magic Scroll Emporium.
 37571 | Elf:3    | Found Alaed's Antique Armour Shoppe.
 37573 | Elf:3    | Bought a scroll of blinking for 105 gold pieces
 37589 | Elf:3    | Bought a glowing shield for 300 gold pieces
 37589 | Elf:3    | Bought a jewelled helmet for 380 gold pieces
 37633 | Elf:3    | Identified the +0 helmet of Pathos {*Corrode rF- Str+2
                  | Int+9} (You bought it in a shop on level 3 of the Elven
                  | Halls)
 37762 | Elf:3    | Found a deep blue altar of Sif Muna.
 37898 | Elf:3    | Received a gift from Trog
 38028 | Elf:3    | Received a gift from Trog
 38038 | Elf:3    | Reached skill level 15 in Fighting
 38042 | Elf:3    | Reached XP level 20. HP: 113/129 MP: 20/20
 38203 | Elf:3    | Received a gift from Trog
 38506 | Elf:3    | Identified the ring "Yjax" {rF+ rC+ MR+ Int+2}
 38545 | Elf:3    | Received a gift from Trog
 38692 | Elf:3    | Identified the +8 quarterstaff of Miluicar {antimagic, rC+
                  | MR+}
 38836 | Elf:3    | Identified Sif Muna's Grimoire of Dusty Air
 38840 | Elf:3    | Identified Mykuupt's Handbook of Excruciating Darkness
 39126 | Elf:3    | Found Hitralamu's Gadget Shop.
 39573 | Orc:2    | Bought a scroll of enchant weapon for 112 gold pieces
 39607 | Orc:2    | Bought a glowing cloak for 247 gold pieces
 39921 | Depths:1 | Entered Level 1 of the Depths
 40493 | Depths:1 | Noticed Aizul
 40505 | Depths:1 | Noticed Asterion
 40515 | Depths:1 | Killed Aizul
 40526 | Depths:1 | Killed Asterion
 40553 | Depths:1 | Received a gift from Trog
 40750 | Depths:1 | Reached XP level 21. HP: 104/135 MP: 21/21
 41052 | Depths:1 | Found a gateway to Hell.
 41095 | Depths:1 | Received a gift from Trog
 41275 | Depths:1 | Found Togaadyo's Gadget Shoppe.
 41275 | Depths:1 | Found Isookhloll's Jewellery Shop.
 41276 | Depths:1 | Found Abicieqa's Gadget Shoppe.
 41345 | Depths:1 | Found a one-way gate leading to the halls of Pandemonium.
 41418 | Depths:1 | Found a one-way gate to the infinite horrors of the Abyss.
 41431 | Depths:1 | Noticed Nikola
 41459 | Depths:1 | Killed Nikola
 41554 | Depths:1 | Paralysed by a floating eye for 4 turns
 41564 | Depths:1 | Received a gift from Trog
 41567 | Depths:1 | Paralysed by a floating eye for 3 turns
 41575 | Depths:1 | Paralysed by a floating eye for 4 turns
 41585 | Depths:1 | Paralysed by a floating eye for 4 turns
 41595 | Depths:1 | Paralysed by a floating eye for 2 turns
 41602 | Depths:1 | Paralysed by a floating eye for 3 turns
 41729 | Depths:2 | Reached skill level 15 in Axes
 41927 | Depths:2 | Received a gift from Trog
 42160 | Depths:2 | Noticed Saint Roka
 42204 | Depths:2 | Killed Saint Roka
 42491 | Depths:2 | Noticed Sojobo
 42521 | Depths:2 | Killed Sojobo
 43153 | Depths:3 | Received a gift from Trog
 43236 | Depths:3 | Reached skill level 15 in Throwing
 43493 | Depths:3 | Received a gift from Trog
 43913 | Depths:3 | Noticed a caustic shrike
 43913 | Depths:3 | Noticed a caustic shrike
 43913 | Depths:3 | Noticed a caustic shrike
 43913 | Depths:3 | Noticed a caustic shrike
 43935 | Depths:3 | Killed a caustic shrike
 43935 | Depths:3 | Received a gift from Trog
 43935 | Depths:3 | Reached XP level 22. HP: 87/143 MP: 22/22
 43950 | Depths:3 | Killed a caustic shrike
 43957 | Depths:3 | HP: 6/214 [caustic shrike (10)]
 43957 | Depths:3 | Splashed by a caustic shrike's acid

Skill      XL: |  1  2  3  4  5  6  7  8  9 10 11 12 13 14 15 16 17 18 19 20 21 |
---------------+----------------------------------------------------------------+-----
Maces & Flails | 3 4 6 8 9 10 12 13 14 15 16 | 16.0
Armour         | 4 5 6 7 8 9 10 11 12 | 12.9
Shields        | 4 5 6 7 8 10 12 13 14 15 16 17 18 | 18.8
Fighting       | 4 5 6 7 8 9 10 11 12 13 14 15 16 | 16.4
Throwing       | 1 2 3 4 6 8 9 11 12 14 15 | 15.4
Axes           | 5 9 10 11 13 14 16 | 16.1
Stealth        | |  0.2
Evocations     | |  0.3

Action                   |  1- 3 |  4- 6 |  7- 9 | 10-12 | 13-15 | 16-18 | 19-21 | 22-24 || total
-------------------------+-------+-------+-------+-------+-------+-------+-------+-------++-------
Melee: Flail             |   113 |   289 |   507 |   676 |       |       |       |       ||  1585
       Morningstar       |       |       |       |   372 |   263 |       |       |       ||   635
       Eveningstar       |       |       |       |       |   913 |   415 |       |       ||  1328
       Broad axe         |       |       |       |       |   326 |  1489 |  1632 |    22 ||  3469
Throw: Tomahawk          |       |       |    13 |    17 |   175 |   272 |   410 |       ||   887
       Javelin           |       |       |       |       |     7 |       |    71 |       ||    78
Invok: Berserk           |       |       |     2 |     4 |    10 |     2 |     4 |       ||    22
       Trog's Hand       |       |       |       |     2 |     1 |     6 |     2 |       ||    11
       Brothers in Arms  |       |       |       |     1 |     2 |     4 |     9 |       ||    16
 Abil: Fly               |       |       |       |       |     1 |       |       |       ||     1
Evoke: Wand              |       |       |     5 |     7 |     1 |     6 |       |       ||    19
  Use: Potion            |     3 |     2 |       |     1 |     1 |     4 |     2 |       ||    13
       Scroll            |     5 |     1 |    11 |    15 |    12 |    17 |    13 |       ||    74
 Stab: Paralysed         |       |       |       |     7 |       |       |       |       ||     7
       Distracted        |       |       |       |       |       |       |     3 |       ||     3
  Eat: Chunk             |     1 |     3 |     1 |     6 |     5 |     4 |     7 |       ||    27
       Ration            |       |     1 |     4 |    10 |    13 |    10 |     9 |       ||    47
Armor: Scale mail        |    76 |     2 |       |       |       |       |       |       ||    78
       Plate armour      |       |   163 |   254 |   459 |   586 |   962 |   626 |     8 ||  3058
       Skin              |       |    11 |       |       |       |       |       |       ||    11
Dodge: Dodged            |    46 |    14 |    30 |    87 |   127 |   211 |   186 |     2 ||   703
       Deflected         |       |       |       |       |     8 |    13 |    30 |       ||    51
Block: Shield            |    85 |     2 |       |       |       |       |   566 |     9 ||   662
       Large shield      |       |   225 |   376 |   817 |  1284 |  1771 |   338 |       ||  4811
